 Dungeon Crawl Stone Soup version 0.29.1-2-gbd0b4ee654 (webtiles) character file.

Game seed: 810346964891329732

1061 avis the Cleaver (level 8, -1/83 HPs)
             Began as a Hill Orc Monk on Oct 28, 2022.
             Slain by a hornet (3 damage)
             ... on level 4 of the Dungeon.
             The game lasted 00:20:48 (5500 turns).

avis the Cleaver (Hill Orc Monk)                    Turns: 5500, Time: 00:20:49

Health: -1/83      AC: 11    Str: 16    XL:     8   Next: 27%
Magic:  8/8        EV:  8    Int: 10    God:
Gold:   79         SH:  0    Dex: 13    Spells: 7/7 levels left

rFire   . . .      SeeInvis .   a - +0 hand axe
rCold   . . .      Faith    .   (no shield)
rNeg    . . .      Spirit   .   i - +0 chain mail
rPois   .          Reflect  .   (no helmet)
rElec   .          Harm     .   (no cloak)
rCorr   .          Rampage  .   (no gloves)
Will    .....                   (no boots)
Stlth   ..........              (no amulet)
HPRegen 0.23/turn               f - +4 ring of slaying
MPRegen 0.11/turn               (no ring)

@: lethally poisoned (-1 -> -16), slowed, very slow
A: no striking features
a: no special abilities


You were on level 4 of the Dungeon.
You visited 2 branches of the dungeon, and saw 6 of its levels.

You collected 79 gold pieces.

Inventory:

Hand Weapons
 a - a +0 hand axe (weapon)
 b - a +0 arbalest
 e - a +0 spear
Armour
 i - a +0 chain mail (worn)
 j - a +0 chain mail
Jewellery
 f - a +4 ring of slaying (left hand)
Wands
 n - a wand of iceblast (15)
 p - a wand of digging (1)
Scrolls
 d - 3 scrolls of immolation
 g - a scroll of vulnerability
 m - a scroll of noise {unknown}
 o - a scroll of amnesia {unknown}


   Skills:
 - Level 12.0 Fighting
 * Level 13.4 Axes
 + Level 9.5 Armour
 - Level 2.4 Dodging
 - Level 1.5 Stealth


You had 7 spell levels left.
You didn't know any spells.
Your spell library was empty.

Dungeon Overview and Level Annotations

Branches:
Dungeon (5/15)             Temple (1/1) D:4

Altars:
Ashenzari
Gozag
Wu Jian
Zin

Shops:
D:3 *

Annotations:
D:3 1 runed translucent door, wingedge's ghost, amateur DEIE


Message History

The hornet stings you but does no damage.
The hornet stings you!
You feel as though you will be slow longer.
You hit the hornet.
The hornet is heavily wounded.
You feel sick. The hornet stings you.
You suddenly lose the ability to move!
You feel sick. The hornet stings you.
You feel as though you will be slow longer.
You feel sick.
The hornet stings you but does no damage.
The hornet stings you!
* * * LOW HITPOINT WARNING * * *
You feel as though you will be slow longer.
You can move again.
You aren't carrying any potions.
You hit the hornet but do no damage.
The hornet is heavily wounded.
You feel sick. The hornet stings you.
* * * LOW HITPOINT WARNING * * *
You are lethally poisoned!
You feel as though you will be slow longer.
You closely miss the hornet.
The hornet is heavily wounded.
* * * LOW HITPOINT WARNING * * *
You feel very sick.
The hornet stings you but does no damage.
The hornet barely misses you.
You miss the hornet.
The hornet is heavily wounded.
* * * LOW HITPOINT WARNING * * *
You feel sick. The hornet stings you.
* * * LOW HITPOINT WARNING * * *
You are more poisoned.
You shrug off the repeated paralysis!
You slash the hornet!
The hornet is severely wounded.
* * * LOW HITPOINT WARNING * * *
You feel very sick. The hornet stings you.
You die...

#...##..>รท.##...###.......#
#.#........#..### #.#######
#...###...##..#####.###
###.|.###.#...##......#
##....#.#...##.##.#.#
#........#.##.##.#.#
###.#.#.##.##.##.#.#
#.....##.#.....#.##
##........@y####..#
####################.#
#....................#
#..#...#...#...#...#.#
#_...................#
#..#...#...#...#...###
#...................#
#####################


You could see a hornet.

Vanquished Creatures
  A yak (D:5)
  A water moccasin (D:5)
  An orc warrior (D:5)
  An ice beast (D:5)
  A scorpion (D:5)
  4 hounds
  An iguana (D:5)
  An adder (D:2)
  An ufetubus (D:5)
  2 worms
  A dart slug (D:2)
  3 orcs
  6 ball pythons
  6 bats
  5 endoplasms
  2 giant cockroaches
  3 goblins
  4 hobgoblins
  4 jackals (D:4)
  5 kobolds
  4 quokkas
  6 rats
63 creatures vanquished.

Vanquished Creatures (others)
  2 withered plants (D:3)
2 creatures vanquished.

Grand Total: 65 creatures vanquished

Notes
Turn   | Place    | Note
-------+----------+-------------------------------------------
     0 | D:1      | avis the Hill Orc Monk began the quest for the Orb.
     0 | D:1      | Reached XP level 1. HP: 19/19 MP: 1/1
   380 | D:1      | Found a faded altar of an unknown god.
   388 | D:1      | Reached XP level 2. HP: 21/26 MP: 2/2
  1221 | D:1      | Reached skill level 5 in Axes
  1927 | D:2      | Reached XP level 3. HP: 30/31 MP: 3/3
  2085 | D:2      | Reached skill level 6 in Axes
  2085 | D:2      | Reached skill level 1 in Armour
  2091 | D:2      | Reached XP level 4. HP: 32/39 MP: 4/4
  2951 | D:3      | Found a glowing silver altar of Zin.
  3034 | D:3      | Found a broken altar of Ashenzari.
  3227 | D:3      | Found Danin's Assorted Antiques.
  3280 | D:3      | Found an opulent altar of Gozag.
  3314 | D:3      | Found a runed translucent door.
  3315 | D:3      | Noticed wingedge's ghost (amateur DEIE)
  3713 | D:4      | Found a staircase to the Ecumenical Temple.
  3738 | D:4      | Reached skill level 7 in Axes
  3738 | D:4      | Reached XP level 5. HP: 36/46 MP: 5/5
  3740 | Temple   | Entered the Ecumenical Temple
  3809 | Temple   | Reached skill level 10 in Fighting
  3809 | Temple   | Reached skill level 10 in Axes
  3809 | Temple   | Reached XP level 6. HP: 67/67 MP: 6/6
  3810 | Temple   | Reached skill level 12 in Axes
  3810 | Temple   | Reached XP level 7. HP: 75/75 MP: 7/7
  3890 | D:4      | Found an ornate altar of the Wu Jian Council.
  4076 | D:5      | Entered Level 5 of the Dungeon
  4089 | D:5      | Reached skill level 13 in Axes
  4463 | D:5      | Noticed a yak
  4484 | D:5      | Killed a yak
  4485 | D:5      | Reached XP level 8. HP: 26/83 MP: 8/8
  4735 | D:5      | Noticed a hornet
  4747 | D:5      | Paralysed by a hornet for 3 turns
  5051 | D:5      | Paralysed by a hornet for 1 turns
  5494 | D:4      | Paralysed by a hornet for 2 turns
  5500 | D:4      | HP: 2/83 [poisoned by a hornet]
  5500 | D:4      | Slain by a hornet

Illustrated notes

Levels and vault maps discovered:
D:1:      psy_arrival_radial01, layout_loops_ring,
          dreamdust_ecumenical_altar_angels_and_demons
D:2:      minmay_skewed_foursquare, layout_basic
D:3:      layout_basic, pdpol_temple_overflow_zin_treasury_gozag_greed,
          evilmike_ruin_ashenzari, gammafunk_ghost_grave, serial_shops,
          nicolae_shop_crystal
D:4:      layout_basic, lemuel_coloured_pillars_altar,
          minmay_temple_entry_slanted
D:5:      kennysheep_spiral_hall, layout_cave_pools, serial_shops,
          nicolae_shop_competitors_out_of_business, minmay_manual_mail
Temple:   nicolae_temple_superstar

Skill      XL: |  1  2  3  4  5  6  7 |
---------------+----------------------+-----
Axes           | 5 6 7 10 12 13 | 13.4
Armour         | 1 6 9 |  9.5
Fighting       | 4 10 11 12 | 12.0
Dodging        | |  2.4
Stealth        | |  1.5

Action                   |  1- 3 |  4- 6 |  7- 9 || total
-------------------------+-------+-------+-------++-------
Melee: Hand axe          |    81 |   104 |    98 ||   283
       Punch             |       |     3 |     1 ||     4
 Fire: Arbalest          |       |       |     1 ||     1
  Use: Scroll            |       |     4 |     7 ||    11
       Potion            |       |     2 |     4 ||     6
 Stab: Sleeping          |     2 |       |       ||     2
Armor: Robe              |     3 |       |       ||     3
       Chain mail        |    31 |    58 |    42 ||   131
Dodge: Dodged            |    19 |    33 |    34 ||    86
